Cogmind - Beta 15 @@@ ROGUE MODE // 2025.10.04 @ 01:37:07 Player: dare evans Result: Destroyed by Y-45 Defender with Heavy Assault Rifle Performance ------------- Evolutions (1) 500 Regions Visited (3) 600 Robots Destroyed (37) 185 Value Destroyed (1093) 1093 Prototype IDs (4) 80 Alien Tech Used (0) 0 Bonus (64) 64 TOTAL SCORE: 2522 Bonus ------- High Alert Combat Kills 64 Cogmind --------- Core Integrity 0/400 Matter 55/300 Energy 100/100 System Corruption 0% Temperature Cool (9) Movement Core (350) Ox6 Location -9/Storage Parts ------- > --- POWER (1) -------- (None) > --- PROPULSION (3) --- (None) > --- UTILITY (3) ------ Large Storage Unit > --- WEAPON (2) ------- (None) > --- INVENTORY (15) --- Light Ion Engine Light Treads Light Treads Light Treads Aluminum Leg Aluminum Leg Heat Sink Cooling System Cooling System Hardened Light Armor Plating Hardened Light Armor Plating Assault Rifle Rocket Launcher Rocket Launcher Peak State ------------ > --- POWER ------------ Light Ion Engine > --- PROPULSION ------- Light Treads Light Treads Light Treads > --- UTILITY ---------- Cooling System Large Storage Unit > --- WEAPON ----------- Rocket Launcher Rocket Launcher > --- INVENTORY -------- Light Ion Engine Aluminum Leg Aluminum Leg Heat Sink Cooling System Cooling System Small Storage Unit Hardened Light Armor Plating Hardened Light Armor Plating Assault Rifle Light Assault Rifle Light Assault Rifle Rocket Launcher Rocket Launcher [Rating: 13] Favorites ----------- Power Light Ion Engine Engine Light Ion Engine Propulsion Light Treads Treads Light Treads Utility Large Storage Unit Device Cooling System Storage Large Storage Unit Weapon Rocket Launcher Ballistic Gun Light Assault Rifle Launcher Rocket Launcher Build | -11 -10 -9 -9 ------- Run | Yrd Mat Mat Sto Slots Evolved 2 | . . 2 . Power . | . . . . Propulsion 1 | . . 1 . Utility 1 | . . 1 . Weapon . | . . . . Parts Attached 16 | 6 6 4 . Power 1 | 1 . . . Engine 1 | 1 . . . Core . | . . . . Reactor . | . . . . Propulsion 5 | 2 1 2 . Treads 5 | 2 1 2 . Leg . | . . . . Wheel . | . . . . Hover . | . . . . Flight . | . . . . Utility 4 | 1 3 . . Device 2 | . 2 . . Storage 2 | 1 1 . . Processor . | . . . . Hackware . | . . . . Protection . | . . . . Artifact . | . . . . Weapon 6 | 2 2 2 . Energy Gun . | . . . . Energy Cannon . | . . . . Ballistic Gun 2 | 2 . . . Ballistic Cannon . | . . . . Launcher 4 | . 2 2 . Special Weapon . | . . . . Impact Weapon . | . . . . Slashing Weapon . | . . . . Piercing Weapon . | . . . . Special Melee Weapon . | . . . . Unidentified Prototypes . | . . . . Parts Lost 7 | . . . 7 Power 1 | . . . 1 Propulsion 3 | . . . 3 Utility 1 | . . . 1 Weapon 2 | . . . 2 Highest Loss Streak 7 | . . . 7 To Critical Strikes . | . . . . Average Backups 12 | 2 12 12 13 Power . | . 1 1 1 Propulsion 2 | 1 2 2 4 Utility 4 | . 4 5 5 Weapon 3 | . 4 3 3 Tool/Special . | . . . . Unused Backups 10 | . 1 1 8 Power 1 | . . . 1 Propulsion 4 | . 1 . 3 Utility 4 | . . . 4 Weapon 1 | . . 1 . Tool/Special . | . . . . Average Slot Usage (%) 90 | . 97 85 78 Engine 12 | . 14 11 8 Treads 30 | . 28 33 29 Device 11 | . 11 11 10 Storage 12 | . 14 11 11 Ballistic Gun 3 | . 6 . . Launcher 20 | . 21 19 18 Peak Build Rating 13 | 6 12 13 13 Average Rating 10 | 4 10 11 11 On Entrance 7 | . 6 12 12 Naked Turns . | . . . . Heaviest Build 33 | 11 33 33 33 Greatest Support 60 | 40 40 60 60 Greatest Overweight (x) . | . . . . Average Overweight (x) . | . . . . Largest Inventory Capacity 15 | 8 15 15 15 Average Capacity 14 | 7 13 15 15 Most Carried 15 | 5 15 14 14 Average Carried 12 | 2 12 12 13 Final Capacity 15 | 8 15 15 15 Final Carried 15 | 4 15 13 14 Class Distribution -------------------- 100% | Mutant Dominant Class ---------------- Mutant | -10/Materials Mutant | -9/Materials Mutant | -9/Storage Resources | -11 -10 -9 -9 ----------- Run | Yrd Mat Mat Sto Matter Collected 769 | 189 313 267 . Remotely . | . . . . Salvage Created 835 | . 290 545 . Parts 56 | . 17 39 . Haulers Intercepted 1 | . . 1 . Recyclers Shooed 1 | . . 1 . Parts Field Recycled . | . . . . Retrieved Matter . | . . . . Parts Self-Destructed . | . . . . Prevented . | . . . . Kills | -11 -10 -9 -9 ------- Run | Yrd Mat Mat Sto Combat Hostiles Destroyed 21 | . 7 14 . Guns 1 | . 1 . . AOE 20 | . 6 14 . Classes Destroyed 9 | . 5 4 . Worker 2 | . 2 . . Builder 5 | . 2 3 . Hauler 1 | . . 1 . Recycler 3 | . 1 2 . Operator 1 | . . 1 . Watcher 4 | . 2 2 . Swarmer 3 | . . 3 . Grunt 13 | . 7 6 . Sentry 5 | . . 5 . Best Kill Streak 6 | . 4 6 . Combat Bots Only 3 | . 3 3 . Max Kills in Single Turn 4 | . 2 4 . Gunslinging . | . . . . Exploded 3 | . 1 3 . Melee . | . . . . Uniques/NPCs Destroyed . | . . . . Combat | -11 -10 -9 -9 -------- Run | Yrd Mat Mat Sto Hostile Shots Fired 184 | . 29 57 98 Missed 55 | . 12 19 24 Hits 129 | . 17 38 74 Projectile 129 | . 17 38 74 Critical Strikes 3 | . . 2 1 Damage Taken 1599 | . 254 634 711 Core 456 | . 50 143 263 Absorbed by Shields . | . . . . Regen/Repaired (Parts) 104 | . . 104 . Core Remaining (%) 90 | 100 80 . . Volleys Fired 46 | . 23 23 . Largest 2 | . 2 2 . Hottest 66 | . 66 66 . Shots Fired 89 | . 46 43 . Gun 22 | . 22 . . Cannon . | . . . . Launcher 67 | . 24 43 . Special . | . . . . Kinetic 22 | . 22 . . Thermal . | . . . . Explosive 67 | . 24 43 . Electromagnetic . | . . . . Robot Hit Streak 9 | . 9 4 . Robot Miss Streak 2 | . 1 2 . Penetration Max . | . . . . Secondary Targets . | . . . . Shots Hit Robots 30 | . 20 10 . Core Hits 62 | . 23 38 1 Critical Kills . | . . . . Critical Parts Destroyed . | . . . . Critical Strikes . | . . . . Melee Attacks . | . . . . Impact . | . . . . Slashing . | . . . . Piercing . | . . . . Sneak Attacks . | . . . . Combat Hostiles . | . . . . Follow-up Attacks . | . . . . Damage Inflicted 2515 | . 928 1585 2 Guns 186 | . 186 . . Cannons . | . . . . Explosions 2324 | . 742 1582 . Melee . | . . . . Ramming 5 | . . 3 2 Kinetic 186 | . 186 . . Thermal . | . . . . Explosive 2289 | . 742 1547 . Electromagnetic 35 | . . 35 . Impact . | . . . . Slashing . | . . . . Piercing . | . . . . Highest Corruption . | . . . . Average Corruption . | . . . . Corruption Purged . | . . . . Corruption Blocked . | . . . . Overload Shots . | . . . . Overflow Damage 84 | . 1 83 . Projectiles . | . . . . Explosions 84 | . 1 83 . Melee . | . . . . Knockbacks . | . . . . Impact . | . . . . Kinetic . | . . . . Secondary . | . . . . Self-Inflicted Damage 248 | . 43 205 . Shots 9 | . 1 8 . Rammed 5 | . . 1 4 Targets Rammed 5 | . . 1 4 Kicked . | . . . . Crushed . | . . . . Highest Temperature 15 | . 15 . . Average Temperature 7 | . 7 . . Received Heat Transfer 312 | . 117 132 63 Siege Activations . | . . . . Martial Activations . | . . . . Shielding Activations . | . . . . Robots Disrupted . | . . . . Combat Hostiles . | . . . . Robots Corrupted . | . . . . Combat Hostiles . | . . . . Parts Fried . | . . . . Impact Corruptions . | . . . . Robots Melted . | . . . . Combat Hostiles . | . . . . Parts Melted . | . . . . Heat Transferred . | . . . . Parts Sabotaged . | . . . . Parts Stolen . | . . . . Parts Stripped . | . . . . Power Chain Reactions . | . . . . Alert | -11 -10 -9 -9 ------- Run | Yrd Mat Mat Sto Maximum Alert Level 3 | . 1 3 1 Low Security (%) 43 | 100 67 11 18 Level 1 40 | . 32 45 81 Level 2 12 | . . 34 . Level 3 3 | . . 8 . Level 4 . | . . . . Level 5 . | . . . . High Security . | . . . . Max Security . | . . . . Peak Influence 721 | . 280 721 294 Initial 294 | . . 87 294 Average 227 | . 103 414 241 Influence Increases 1356 | . 452 904 . Destroy 0b10 Robot/C 420 | . 140 280 . Destroy 0b10 Robot/NC 80 | . 35 45 . Destroy Leader 140 | . 44 96 . Successful Hack 13 | . 13 . . Disable Machine 345 | . 75 270 . Destroy Structure 343 | . 145 198 . Lose Combat Pursuer 15 | . . 15 . Influence Decreases 1222 | . 245 414 563 Entered New Map 523 | . . 120 403 Time Decay 629 | . 245 294 90 Lost Part 70 | . . . 70 Squads Dispatched 4 | . 2 2 . Investigation 3 | . 2 1 . Extermination . | . . . . Reinforcement 1 | . . 1 . Assault . | . . . . Garrison . | . . . . Intercept . | . . . . Searches Triggered . | . . . . Construction Impeded . | . . . . Haulers Reinforced . | . . . . Active Scanning Responses . | . . . . Cargo Convoy Interrupts . | . . . . Stealth | -11 -10 -9 -9 --------- Run | Yrd Mat Mat Sto Distress Signals 1 | . . 1 . Communications Jammed . | . . . . Distress Signals . | . . . . Times Spotted 35 | . 15 14 6 Peak Tracking Total 7 | . 3 5 7 Tactical Retreats 1 | . . 1 . Traps | -11 -10 -9 -9 ------- Run | Yrd Mat Mat Sto Traps Triggered 2 | . 2 . . Indirectly . | . . . . Trap Hack Attempts . | . . . . Triggered . | . . . . Disarmed . | . . . . Reprogrammed . | . . . . Reused . | . . . . Traps Extracted . | . . . . Installed . | . . . . Triggered . | . . . . Machines | -11 -10 -9 -9 ---------- Run | Yrd Mat Mat Sto Machines Disabled 23 | . 5 18 . Max in Single Turn 3 | . 3 3 . Machines Repaired . | . . . . Machines Dismantled . | . . . . Machines Sabotaged . | . . . . Overloaded Fab Kills . | . . . . Hacking | -11 -10 -9 -9 --------- Run | Yrd Mat Mat Sto Machines Accessed 9 | . 5 3 1 Terminals 6 | . 5 . 1 Fabricators . | . . . . Repair Stations 1 | . . 1 . Recycling Units 1 | . . 1 . Scanalyzers 1 | . . 1 . Garrison Access . | . . . . Total Hacks 26 | . 10 14 2 Successful 18 | . 8 10 . Failed 8 | . 2 4 2 Catastrophic 1 | . . . 1 Database Lockouts . | . . . . Manual . | . . . . Terminals 12 | . 10 . 2 Fabricators . | . . . . Repair Stations 6 | . . 6 . Recycling Units 6 | . . 6 . Scanalyzers 2 | . . 2 . Garrison Access . | . . . . Terminal Hacks 8 | . 8 . . Robot Analysis 1 | . 1 . . Prototype ID Bank 3 | . 3 . . Emergency Access Points 2 | . 2 . . Alert Level 1 | . 1 . . Locate Traps 1 | . 1 . . Fabricator Hacks . | . . . . Repair Station Hacks 4 | . . 4 . Scan Component 2 | . . 2 . Repair 2 | . . 2 . Recycling Unit Hacks 4 | . . 4 . Recycle Component 2 | . . 2 . Process 1 | . . 1 . Retrieve Matter 1 | . . 1 . Scanalyzer 2 | . . 2 . Insert Component 1 | . . 1 . Analyze 1 | . . 1 . Garrison Access Hacks . | . . . . Unauthorized Hacks . | . . . . Terminals . | . . . . Fabricators . | . . . . Repair Stations . | . . . . Recycling Units . | . . . . Scanalyzers . | . . . . Garrison Access . | . . . . Data Cores Recovered . | . . . . Used . | . . . . Hacking Detections 6 | . 4 1 1 Full Trace Events 1 | . . 1 . Feedback Events . | . . . . Feedback Blocked . | . . . . Robot Schematics Acquired . | . . . . Robots Built . | . . . . Authchips . | . . . . Time . | . . . . Total Robot Build Rating . | . . . . Part Schematics Acquired . | . . . . Parts Built . | . . . . Authchips . | . . . . Time . | . . . . Total Part Build Rating . | . . . . Parts Repaired 2 | . . 2 . Time 64 | . . 64 . Parts Recycled 2 | . . 2 . Recycled Matter 111 | . . 111 . Retrieved Matter 111 | . . 111 . Retrieved Components . | . . . . Parts Scanalyzed 1 | . . 1 . Part Schematics Acquired . | . . . . Parts Damaged . | . . . . Bothacking | -11 -10 -9 -9 ------------ Run | Yrd Mat Mat Sto Used RIF Installer . | . . . . Robots Hacked . | . . . . Non-combat . | . . . . Combat . | . . . . Robot Hacks Applied . | . . . . Relay Couplers Released . | . . . . Fabnet Peak Effective % . | . . . . Robots Rewired . | . . . . Allies Hacked . | . . . . Hacks Repelled . | . . . . Allies | -11 -10 -9 -9 -------- Run | Yrd Mat Mat Sto Total Allies . | . . . . Largest Group . | . . . . Highest-Rated Group . | . . . . Highest-Rated Ally . | . . . . Total Orders . | . . . . Ally Attacks . | . . . . Total Damage . | . . . . Kills . | . . . . Allies Corrupted . | . . . . Allies Melted . | . . . . Intel | -11 -10 -9 -9 ------- Run | Yrd Mat Mat Sto Active Infowar (turns) . | . . . . Robot Analysis Total 1 | . 1 . . Derelict Logs Recovered . | . . . . Drone Launches . | . . . . Drone Recoveries . | . . . . Exploration | -11 -10 -9 -9 ------------- Run | Yrd Mat Mat Sto Turns Passed 1743 | 94 816 642 191 Spaces Moved 925 | 53 451 310 111 Core 3 | 3 . . . Treads 922 | 50 451 310 111 Legs . | . . . . Wheels . | . . . . Hover . | . . . . Flight . | . . . . Fastest Speed 50 | 50 160 160 160 Average Speed 159 | 153 160 160 160 Slowest Speed 160 | 160 160 160 160 Overloaded Moves . | . . . . Propulsion Burnouts . | . . . . Robots Hopped . | . . . . Potential Cave-ins . | . . . . Cave-ins Triggered . | . . . . Exploration Rate (%) 37 | 4 87 29 28 Regions Visited 3 Branch Regions 1 Pre-discovered Areas . | . . . . Known Exits Taken . | . . . . Unknown Exits Taken 3 | 1 1 1 . Scrap Searched . | . . . . Spaces Dug . | . . . . Terrain Destroyed 478 | . 160 318 . Melee . | . . . . Projectile . | . . . . AOE 478 | . 160 318 . Terrain Rammed . | . . . . Walls Destroyed . | . . . . Machines Disabled . | . . . . Actions | -11 -10 -9 -9 --------- Run | Yrd Mat Mat Sto Total 1090 | 63 500 411 116 Wait 77 | . 9 68 . Move 922 | 52 450 309 111 Hop . | . . . . Pick Up 16 | 5 10 . 1 Fast Attach 8 | 5 1 2 . Attach 3 | 1 . 2 . Detach 1 | . . 1 . Swap 9 | . 5 4 . Drop 3 | . 2 1 . Fire 46 | . 23 23 . Melee . | . . . . Ram 3 | . . . 3 Kick . | . . . . Crush 2 | . . 1 1 Escape Stasis . | . . . . Rewire . | . . . . Trap . | . . . . Miscellaneous . | . . . . Route ------- -11/Scrapyard -10/Materials (discovered 4 exits: *Mat x3 / [*Min]) -9/Materials -9/Storage History --------- Turn | Location | Event 15 | -11/Scrapyard | Discovered new exit (range 16) 95 | -11/Scrapyard | Entered Materials 309 | -10/Materials | Build established: Mutant 393 | -10/Materials | Discovered new exit (range 12) 433 | -10/Materials | Discovered new exit (range 12) 684 | -10/Materials | Discovered new exit (range 10) 865 | -10/Materials | Discovered new exit (range 12) 911 | -10/Materials | Entered another Materials area 911 | -9/Materials | Evolved 2 slots: Propulsion x1, Utility x1 1231 | -9/Materials | Repaired Rocket Launcher 1263 | -9/Materials | Repaired Rocket Launcher 1334 | -9/Materials | Discovered new exit (range 10) 1553 | -9/Materials | Entered Storage 1735 | -9/Storage | Core integrity fell below 50% 1739 | -9/Storage | Core integrity fell below 20% 1744 | -9/Storage | Destroyed by Y-45 Defender with Heavy Assault Rifle Last Messages --------------- GOAL=ESCAPE 01597_ K-01 Serf collects debris. 01606_ Acquired Lgt. Treads. 01607_ K-01 Serf collects debris. 01633_ Connecting with Door Terminal... 01633_ Current location identified: Storage 01690_ S-10 Pest destroyed. 01695_ Rocket Launcher destroyed. 01703_ Lgt. Treads destroyed. 01709_ Lgt. Ion Engine destroyed. 01724_ Rocket Launcher destroyed. 01726_ Connecting with Door Terminal... 01730_ Cooling System destroyed. 01732_ Slammed into S-10 Pest. 01732_ Lgt. Treads destroyed. 01734_ Slammed into S-10 Pest. 01735_ S-10 Pest suffers critical hit (Burn). 01737_ Slammed into Y-45 Defender. 01740_ S-10 Pest heat damages Flight Unit. 01741_ Slammed into Y-45 Defender. Map ----- +----------------------------------------------------+ | | | | | | | | | | | | | | | | | | | | | | | | | | | | | | | | | | | | | ?????????????????????????#??????????????????? | | ????????????????????????? ??????????????????? | | ????????????????????????? ??????????????????? | | ????????????????????????? ?????????????###### | | ????????????????????????# "????????????# | | ???????????????????###### "????????????# | | ????????????"#######Y # "??????#?????# | | ????????????" sY @ # """""" #?????# #? | | ????????????" ss T + #?????# ## | | ????????????"#T##### # #?????# # | | ?????????????###???## #####+######????# # | | ????????????????????# +????# # | | ????????????????????# #????# # | | ????????????????????# ###+####### # | | ????????????????????# # ## + | | ???????????????????# "T" # """ ## # | | ???????????????????+ """ # """ / # | | ???????????????????# + """% ###+### | | ???????????????????# # # | | ???????????????????##+##### # """ # | | ??????????????????????????# # """ # """ " | | ??????????????????????????+ # """ # """ " | | ??????????????????????????# / # """ " | | ??????????????????????????? ?### ##### """ " | | ??????????????????????????? ???##????# """ " | | ??????????????????????????? ?????????# | | ??????????????????????????????????????#?##### | | ????????????????????????????????????????????? | | ????????????????????????????????????????????? | | ????????????????????????????????????????????? | | ????????????????????????????????????????????? | | ????????????????????????????????????????????? | +----------------------------------------------------+ Best States ------------- Heat Dissipation 50 Energy Generation 10 Energy Capacity 125 Matter Stores 300 Matter Capacity 300 Sight Range 16 Terrain Scan Density 10 Evasion (%) 40 Recoil Reduction 3 Item Schematics ----------------- None Robot Schematics ------------------ None Fabricated ------------ Nothing Repaired ---------- Rocket Launcher | 22% | -9/Materials Rocket Launcher | 28% | -9/Materials Alien Tech Used ----------------- None Achievements -------------- Remodeling Challenges ------------ None Game ------ Seed TacticalSegregatorCanceller Manual? 0 Play Time 00:21:56 Cumulative 9.2 hours Start 2025.10.04 @ 01:14:32 End 2025.10.04 @ 01:37:07 Sessions 1 Manual Loads 0 Difficulty Rogue Special Mode None Game No. 8 Rogue 8 Adventurer 0 Explorer 0 Win Type - Total 0 Types 0/0/0/0/0/0/0/0/0/0 Lore% 3 Gallery% 8 Achievement% 12 Wizard Run 0 Options --------- Layout 0 ASCII 0 Keyboard 0 Movement Numpad Keybinds 0 Fullscreen 2 Font 18/Terminus Map View 76x50 Zoom Use 0% Tactical HUD 1 Map Filters NONE Filters NONE Steam 1 RUN: 9f16be6d-7fc6-4f74-a181-0b3e5d043f2b